 Dungeon Crawl Stone Soup version 0.27-a0-156-gbcd94eb011 (webtiles) character file.

Game seed: 3406402531870652551

1493 lunkers the Fighter (level 8, -3/75 HPs)
             Began as a Hill Orc Hunter on Jan 27, 2021.
             Was a Priest of Okawaru.
             Slain by a two-headed ogre
             ... wielding a +0 giant club
              (7 damage)
             ... on level 7 of the Dungeon.
             The game lasted 00:09:36 (6289 turns).

lunkers the Fighter (Hill Orc Hunter)               Turns: 6289, Time: 00:09:36

Health: -3/75      AC: 13    Str: 17    XL:     8   Next: 81%
Magic:  10/11      EV: 13    Int: 11    God:    Okawaru [***...]
Gold:   265        SH:  0    Dex: 11    Spells: 7/7 levels left

rFire    + . .     SeeInvis .   z - +8 quarterstaff of the Shining Light {holy, +Fly}
rCold    . . .     Faith    .   (shield currently unavailable)
rNeg     . . .     Spirit   .   i - +0 ring mail
rPois    .         Reflect  .   (no helmet)
rElec    .         Harm     .   (no cloak)
rCorr    .         Rampage  .   w - +2 pair of gloves
Will     .....                  (no boots)
Stlth    ++........             t - amulet of regeneration
HPRegen  0.62/turn              d - +4 ring of protection
MPRegen  0.12/turn              y - ring of protection from fire

@: heroism
A: no striking features
a: Renounce Religion, Evoke Flight, Heroism


You were on level 7 of the Dungeon.
You worshipped Okawaru.
Okawaru was most pleased with you.
You visited 1 branch of the dungeon, and saw 7 of its levels.

You collected 265 gold pieces.

Inventory:

Hand Weapons
 h - a +2 dagger of draining
 u - the +4 hand axe of the Spheres {flame, *Corrode Str+5 SInv}
   (You found it on level 4 of the Dungeon)

   It has been specially enchanted to burn those struck by it, causing extra
   injury to most foes and up to half again as much damage against particularly
   susceptible opponents.
   Big, fiery blades are also staple armaments of hydra-hunters.
   It affects your strength (+5).
   It lets you see invisible.
   It may corrode you when you take damage.
 z - the +8 quarterstaff of the Shining Light (weapon) {holy, +Fly}
   (You found it on level 5 of the Dungeon)

   It has been blessed by the Shining One to cause great damage to the undead
   and demons.
   It lets you fly.
Missiles
 b - 2 throwing nets
 c - 9 javelins (quivered)
 r - 4 atropa-tipped darts
 D - 42 stones
 E - 16 poisoned darts
 F - 2 datura-tipped darts
Armour
 i - a +0 ring mail (worn)
 w - a +2 pair of gloves (worn)
Jewellery
 a - an uncursed ring of willpower
 d - a +4 ring of protection (left hand)
 t - an amulet of regeneration (around neck)
 y - a ring of protection from fire (right hand)
Wands
 p - a wand of acid (5)
 x - a wand of mindburst (4)
 A - a wand of digging (2)
 G - a wand of random effects (25)
Scrolls
 e - a scroll of enchant armour
 j - 3 scrolls of teleportation
 k - 7 scrolls of remove curse
 l - 2 scrolls of amnesia
 m - 4 scrolls of identify
 v - a scroll of magic mapping
 B - a scroll of vulnerability
Potions
 f - a potion of heal wounds
 g - 5 potions of curing
 n - a potion of brilliance
 o - 2 potions of flight
 q - 2 potions of magic
 s - a potion of ambrosia
 C - a potion of mutation


   Skills:
 + Level 8.4(13.4) Fighting
 + Level 7.2(12.2) Throwing
 - Level 1.5(6.5) Dodging
 - Level 0.7(5.7) Stealth
 + Level 4.0 Invocations
 + Level 3.0 Evocations


You had 7 spell levels left.
You didn't know any spells.
Your spell library was empty.

Dungeon Overview and Level Annotations

Branches:
Dungeon (7/15)             Temple (0/1) D:6

Altars:
Cheibriados
Hepliaklqana
Kikubaaqudgha
Okawaru
Qazlal
Ru

Shops:
D:5 =


Message History

You barely miss the two-headed ogre.
The two-headed ogre is heavily wounded.
The two-headed ogre hits you with a +0 giant club!
* * * LOW HITPOINT WARNING * * *
The two-headed ogre hits you with a +0 giant club.
* * * LOW HITPOINT WARNING * * *
You barely miss the two-headed ogre.
The two-headed ogre is heavily wounded.
Unknown command.
You thump the two-headed ogre!
The two-headed ogre is severely wounded.
The two-headed ogre misses you.
The two-headed ogre hits you with a +0 giant club!
* * * LOW HITPOINT WARNING * * *
Unknown command.
You hit the two-headed ogre.
The two-headed ogre is almost dead.
The two-headed ogre closely misses you.
The two-headed ogre hits you with a +0 giant club!
You die...

......#
#..............#
>.....#
#..............##
......#
##..............#
.......#
#..............#
.......#
##..........<..#
......>
#.............#
......
#.............#
....
#####.#####..##
... #@# ##.# ..
#.O..# #.# #..#.#
#.# #++ ## ###


You could see a two-headed ogre.

Vanquished Creatures
  Pikel (D:6)
  Duvessa (D:7)
  A sky beast (D:6)
  An ogre (D:5)
  Dowan (D:7)
  A scorpion (D:5)
  3 killer bees (D:5)
  5 electric eels (D:6)
  An iguana (D:5)
  2 worker ants
  11 gnolls
  8 adders
  A shadow imp (D:6)
  A white imp (D:6)
  An ufetubus (D:6)
  2 worms (D:3)
  3 leopard geckos
  14 orcs (D:3)
  10 bats
  2 giant cockroaches
  11 goblins
  3 hobgoblins
  2 jackals (D:2)
  6 kobolds
  A quokka (D:3)
  A ball python (D:2)
  5 frilled lizards
  9 rats
108 creatures vanquished.

Vanquished Creatures (others)
  14 plants
14 creatures vanquished.

Grand Total: 122 creatures vanquished

Notes
Turn   | Place    | Note
-------+----------+-------------------------------------------
     0 | D:1      | lunkers the Hill Orc Hunter began the quest for the Orb.
     0 | D:1      | Reached XP level 1. HP: 18/18 MP: 1/1
   154 | D:1      | Reached XP level 2. HP: 22/25 MP: 2/2
   210 | D:1      | Reached skill level 3 in Fighting
   981 | D:2      | Found an iron altar of Okawaru.
   987 | D:2      | Reached XP level 3. HP: 23/29 MP: 3/3
  1055 | D:2      | Became a worshipper of Warmaster Okawaru
  1803 | D:2      | Found an ancient bone altar of Kikubaaqudgha.
  2081 | D:2      | Reached XP level 4. HP: 36/40 MP: 4/4
  2153 | D:2      | Found a sacrificial altar of Ru.
  2349 | D:3      | Reached skill level 4 in Fighting
  2641 | D:3      | Reached XP level 5. HP: 25/47 MP: 5/5
  3382 | D:3      | Found a hazy altar of Hepliaklqana.
  3455 | D:4      | Reached skill level 5 in Fighting
  3455 | D:4      | Reached skill level 5 in Throwing
  4116 | D:4      | Got a transparent hand axe
  4117 | D:4      | Identified the +4 hand axe of the Spheres {flame, *Corrode
                  | Str+5 SInv} (You found it on level 4 of the Dungeon)
  4124 | D:5      | Entered Level 5 of the Dungeon
  4125 | D:5      | Found Fiaryrph Boeg's Jewellery Shop.
  4126 | D:5      | Noticed an ogre
  4133 | D:5      | Killed an ogre
  4134 | D:5      | Reached XP level 6. HP: 57/57 MP: 6/6
  4368 | D:5      | Reached * piety under Okawaru
  4508 | D:5      | Reached skill level 6 in Fighting
  4523 | D:5      | Reached XP level 7. HP: 51/64 MP: 7/7
  4577 | D:5      | Got a steaming quarterstaff
  4578 | D:5      | Identified the +8 quarterstaff of the Shining Light {holy,
                  | +Fly} (You found it on level 5 of the Dungeon)
  5148 | D:6      | Reached skill level 7 in Fighting
  5572 | D:6      | Found a snail-covered altar of Cheibriados.
  5580 | D:6      | Reached skill level 1 in Invocations
  5723 | D:6      | Found a staircase to the Ecumenical Temple.
  6076 | D:7      | Noticed Pikel
  6085 | D:6      | Killed Pikel
  6085 | D:6      | Reached ** piety under Okawaru
  6085 | D:6      | Reached *** piety under Okawaru
  6086 | D:6      | Reached skill level 8 in Fighting
  6086 | D:6      | Reached XP level 8. HP: 42/74 MP: 5/10
  6202 | D:7      | Noticed Dowan
  6203 | D:7      | Noticed Duvessa
  6206 | D:7      | Found a stormy altar of Qazlal.
  6221 | D:7      | Killed Duvessa
  6221 | D:7      | Received a gift from Okawaru
  6226 | D:7      | Killed Dowan
  6251 | D:7      | Noticed a water elemental
  6254 | D:7      | Noticed an air elemental
  6279 | D:7      | Noticed a two-headed ogre
  6288 | D:7      | HP: 3/75 [two-headed ogre/+0 giant club (17)]
  6289 | D:7      | Slain by a two-headed ogre

Illustrated notes

Levels and vault maps discovered:
D:1:      elethiomel_arrival_diamonds, layout_basic
D:2:      layout_loops_corners, kennysheep_okawaru_gauntlet,
          lemuel_coloured_pillars_altar, kiku_gazebo_pond_becter
D:3:      layout_rooms, nzn_hepliaklqana_mist_gate, serial_forest,
          infiniplex_forest_clump_curved, infiniplex_forest_clump_small,
          infiniplex_forest_end_3, infiniplex_forest_clump_double,
          infiniplex_forest_lined_1, infiniplex_forest_lined_3,
          infiniplex_forest_zigzag_2
D:4:      layout_gridville
D:5:      layout_basic, serial_shops, shop, chequers_hall_statues_wall_a
D:6:      layout_rooms, minmay_temple_entry_junction_2, serial_bayou,
          serial_bayou_pond_e, serial_bayou_lake_a, serial_bayou_pond_e,
          serial_bayou_lagoon_b, serial_bayou_lagoon_a,
          minmay_stone_trees_small, cheibriados_altar_1
D:7:      layout_cave_pods, nicolae_qazlal_style_of_elements, zin_purify,
          lightli_temple_of_fire, kennysheep_dice, uniq_pikel, uniq_joseph,
          uniq_duvessa

Skill      XL: |  1  2  3  4  5  6  7  8 |
---------------+-------------------------+-----
Fighting       | 3 4 5 6 8 |  8.4
Throwing       | 4 5 7 |  7.2
Invocations    | 3 4 |  4.0
Evocations     | 2 3 |  3.0
Dodging        | |  1.5
Stealth        | |  0.7

Action                   |  1- 3 |  4- 6 |  7- 9 || total
-------------------------+-------+-------+-------++-------
Melee: Short sword       |    22 |       |       ||    22
       Dagger            |    83 |   120 |       ||   203
       Hand axe          |       |    39 |    26 ||    65
       Quarterstaff      |       |       |    66 ||    66
Throw: Javelin           |    16 |    14 |       ||    30
       Dart              |       |     3 |       ||     3
       Throwing net      |       |     2 |       ||     2
Invok: Heroism           |       |       |     5 ||     5
Evoke: Wand              |       |       |     9 ||     9
  Use: Scroll            |       |     6 |     9 ||    15
Armor: Leather armour    |     7 |       |       ||     7
       Ring mail         |    35 |    96 |    67 ||   198
Dodge: Dodged            |    76 |   127 |    89 ||   292

Table legend: (Time is in decaauts)
 A = Elapsed time spent in this place.
 B = Non-inter-level travel time spent in this place.
 C = Inter-level travel time spent in this place.
 D = Time resting spent in this place.
 E = Time spent auto-exploring this place.
 F = Levels seen in this place.
 G = Mean time per level.
                   A        B        C        D        E       F      G
               +--------+--------+--------+--------+--------+-----+--------+
         Total |   6403 |   6097 |    306 |    659 |   4323 |   7 |  914.7 |
       Dungeon |   6403 |   6097 |    306 |    659 |   4323 |   7 |  914.7 |
               +--------+--------+--------+--------+--------+-----+--------+

Top non-repeatable levels by time:
     D:2: 1375 daAuts
     D:6: 1172 daAuts
     D:3: 1081 daAuts
     D:5: 989 daAuts
     D:1: 973 daAuts
     D:4: 702 daAuts
     D:7: 108 daAuts
